 Dungeon Crawl Stone Soup version 0.28.0-43-g3370ac3207 (webtiles) character file.

Game seed: 12952251353762481950

383 vvl the Magician (level 6, -2/32 HPs)
             Began as a Deep Elf Venom Mage on Mar 4, 2022.
             Slain by a phantom (6 damage)
             ... on level 4 of the Dungeon.
             The game lasted 00:10:16 (4754 turns).

vvl the Magician (Deep Elf Venom Mage)              Turns: 4754, Time: 00:10:16

Health: -2/32      AC:  4    Str:  5    XL:     6   Next: 47%
Magic:  15/15      EV: 13    Int: 22    God:
Gold:   153        SH:  0    Dex: 15    Spells: 9/14 levels left

rFire   . . .      SeeInvis .   l - +3 quarterstaff (chaos)
rCold   . . .      Faith    .   (shield currently unavailable)
rNeg    . . .      Spirit   .   a - +0 robe
rPois   .          Reflect  .   f - +0 helmet
rElec   .          Harm     .   m - +0 cloak
rCorr   .          Rampage  .   (no gloves)
Will    .....                   (no boots)
Stlth   ++........              d - amulet of the acrobat
HPRegen 0.10/turn               (no ring)
MPRegen 0.14/turn               (no ring)

@: no status effects
A: no striking features
a: no special abilities


You were on level 4 of the Dungeon.
You visited 1 branch of the dungeon, and saw 4 of its levels.

You collected 153 gold pieces.

Inventory:

Hand Weapons
 i - a +0 flail
 k - a +2 hand axe of flaming
 l - a +3 quarterstaff of chaos (weapon)
Armour
 a - a +0 robe (worn)
 f - a +0 helmet (worn)
 m - a +0 cloak (worn)
Jewellery
 d - an amulet of the acrobat (around neck)
Scrolls
 c - a scroll of enchant weapon
 e - 2 scrolls of teleportation
 g - a scroll of summoning
 n - a scroll of blinking
Potions
 b - a potion of curing {unknown}
 o - a potion of might {unknown}
 p - a potion of mutation


   Skills:
 + Level 1.8 Armour
 + Level 3.9 Dodging
 - Level 3.0 Stealth
 + Level 4.7 Spellcasting
 + Level 2.9 Necromancy
 + Level 2.9 Transmutations
 + Level 4.4 Poison Magic


You had 9 spell levels left.
You knew the following spells:

 Your Spells              Type           Power      Damage    Failure   Level
a - Sting                 Tmut/Pois      84%        1d7       2%          1
b - Olgreb's Toxic Radia  Pois           24%        N/A       17%         4

Your spell library contained the following spells:

 Spells                   Type           Power      Damage    Failure   Level
 Poisonous Vapours        Pois/Air       28%        N/A       6%          2
 Mephitic Cloud           Conj/Pois/Air  11%        N/A       17%         3


Dungeon Overview and Level Annotations

Branches:
Dungeon (4/15)
 Temple: D:4-7

Altars:


Message History

The phantom hits you.
The phantom blinks!
You blink.
You hit the phantom.
The phantom seems to speed up.
The phantom is severely damaged.
The phantom misses you. The phantom closely misses you.
You hit the phantom. You burn the phantom.
The phantom is almost destroyed.
The phantom hits you.
* * * LOW HITPOINT WARNING * * *
The phantom hits you.
* * * LOW HITPOINT WARNING * * *
The phantom blinks!
You blink.
You feel much better. The phantom closely misses you. The phantom hits you.
You closely miss the phantom.
The phantom is almost destroyed.
The phantom hits you.
The phantom blinks!
You blink.
The phantom barely misses you.
You barely miss the phantom.
The phantom is almost destroyed.
The phantom hits you but does no damage.
The phantom hits you.
You hit the phantom but do no damage.
The phantom is almost destroyed.
The phantom hits you.
The phantom blinks!
You blink.
You hit the phantom but do no damage.
The phantom is almost destroyed.
The phantom barely misses you. The phantom hits you.
* * * LOW HITPOINT WARNING * * *
The phantom blinks!
You blink.
You closely miss the phantom.
The phantom is almost destroyed.
The phantom hits you.
* * * LOW HITPOINT WARNING * * *
The phantom closely misses you.
You closely miss the phantom.
The phantom is almost destroyed.
The phantom barely misses you. The phantom closely misses you.
You hit the phantom but do no damage.
The phantom suddenly seems more agile.
The phantom is almost destroyed.
The phantom hits you.
You die...

..####...#.##
..###..#...##
...##.......#
#......####.########
........#..........#
###.....#..........#
#................#
#..##.#...........#
#.# # #........@W.#
# .# #...........#
##.# #...........#
...# ##..........#
..## #..........#
...# #..........#
...# ######..####
.#...# #....###
.###... ###J...#


You could see a phantom (fast, agile).

Vanquished Creatures
  An ogre (D:4)
  A jelly (D:4)
  A bullfrog skeleton (D:4)
  A hound (D:3)
  Crazy Yiuf (D:3)
  An orc wizard (D:3)
  Terence (D:3)
  6 adders
  An ufetubus (D:4)
  3 worms
  3 dart slugs
  6 orcs (D:3)
  6 ball pythons
  A bat (D:1)
  5 endoplasms
  3 giant cockroaches
  4 goblins
  6 hobgoblins
  5 quokkas
  3 frilled lizards
  3 kobolds
  3 rats
65 creatures vanquished.

Notes
Turn   | Place    | Note
-------+----------+-------------------------------------------
     0 | D:1      | vvl the Deep Elf Venom Mage began the quest for the Orb.
     0 | D:1      | Reached XP level 1. HP: 10/10 MP: 6/6
   326 | D:1      | Reached XP level 2. HP: 15/15 MP: 5/8
   948 | D:2      | Reached skill level 1 in Necromancy
   954 | D:2      | Reached XP level 3. HP: 18/19 MP: 3/9
  2245 | D:3      | Reached XP level 4. HP: 24/24 MP: 5/11
  2246 | D:3      | Noticed a necrophage
  2254 | D:3      | Reached skill level 1 in Armour
  2523 | D:1      | Learned a level 4 spell: Olgreb's Toxic Radiance
  2941 | D:3      | Reached XP level 5. HP: 28/28 MP: 9/12
  3301 | D:3      | Found a runed translucent door.
  3302 | D:3      | Noticed Crazy Yiuf
  3338 | D:3      | Noticed Terence
  3348 | D:3      | Killed Terence
  3470 | D:3      | Killed Crazy Yiuf
  4035 | D:4      | Noticed an ogre
  4049 | D:4      | Killed an ogre
  4050 | D:4      | Reached XP level 6. HP: 19/32 MP: 9/14
  4754 | D:4      | Slain by a phantom

Illustrated notes

Levels and vault maps discovered:
D:1:      dpeg_arrival_houses_and_road, layout_basic
D:2:      layout_basic
D:3:      layout_loops_cross, uniq_crazy_yiuf_cottage, uniq_terence
D:4:      layout_rooms, minmay_tree_intersection

Skill      XL: |  1  2  3  4  5 |
---------------+----------------+-----
Necromancy     | 1 2 |  2.9
Stealth        | 3 |  3.0
Dodging        | 3 |  3.9
Armour         | 1 |  1.8
Transmutations | 2 |  2.9
Spellcasting   | 4 |  4.7
Poison Magic   | 4 |  4.4

Action                   |  1- 3 |  4- 6 || total
-------------------------+-------+-------++-------
Melee: Unarmed           |    11 |       ||    11
       Quarterstaff      |       |    24 ||    24
 Cast: Sting             |    77 |    86 ||   163
  Use: Scroll            |       |     6 ||     6
       Potion            |       |     1 ||     1
Armor: Robe              |     7 |    16 ||    23
Dodge: Dodged            |    44 |    32 ||    76
